 Dungeon Crawl Stone Soup version 0.18-a0-5-gf1fb587 (webtiles) character file.

72 radek the Conjurer (level 4, -1/24 HPs)
             Began as a Deep Elf Conjurer on Oct 31, 2015.
             Slain by a killer bee zombie (6 damage)
             ... on level 3 of the Dungeon.
             The game lasted 00:05:14 (2385 turns).

radek the Conjurer (Deep Elf Conjurer)              Turns: 2385, Time: 00:05:15

Health: -1/24      AC:  4    Str:  6    XL:     4   Next: 7%
Magic:  2/10       EV: 13    Int: 20    God:
Gold:   87         SH:  0    Dex: 15    Spells: 1 memorised, 8 levels left

rFire  . . .     SeeInvis .     d - +1 dagger
rCold  . . .     Clarity  .     a - +0 robe
rNeg   + . .     SustAt   +     (no shield)
rPois  .         Gourm    .     m - +2 hat
rElec  .         Spirit   .     (no cloak)
rCorr  .         Warding  .     (no gloves)
rMut   .         Stasis   .     (no boots)
MR     .....                    (no amulet)
Stlth  ++........               n - ring of positive energy
                                t - ring of sustain attributes

@: not resistant to hostile enchantments, unstealthy
A: no striking features
a: no special abilities


You were on level 3 of the Dungeon.
You were not hungry.

You visited 1 branch of the dungeon, and saw 3 of its levels.

You collected 87 gold pieces.

Inventory:

Hand Weapons
 d - a +1 dagger (weapon)
Armour
 a - a +0 robe (worn)
 m - a +2 hat (worn)
Jewellery
 n - a ring of positive energy (right hand)
 t - a ring of sustain attributes (left hand)
Wands
 e - a wand of teleportation (5)
Scrolls
 p - a scroll of identify
 q - a scroll of remove curse
Potions
 g - 2 potions of haste {unknown}
 h - a potion of flight {unknown}
 k - 4 potions of curing
Books
 b - a book of Conjurations

   Spells                             Type                      Level
   a - Magic Dart                     Conjuration                  1
   b - Searing Ray                    Conjuration                  2
   c - Dazzling Spray                 Conjuration/Hexes            3
   d - Fulminant Prism                Conjuration/Hexes            4
   e - Iskenderun's Mystic Blast      Conjuration                  4
   f - Iskenderun's Battlesphere      Conjuration/Charms           5
Comestibles
 c - a bread ration
 f - 2 beef jerkies
 i - 2 fruits
 l - a meat ration


   Skills:
 - Level 2.4 Dodging
 - Level 2.4 Stealth
 - Level 3.0 Spellcasting
 + Level 6.2 Conjurations


You had 8 spell levels left.
You knew the following spells:

 Your Spells              Type           Power        Failure   Level  Hunger
a - Magic Dart            Conj           ####         1%          1    None


Dungeon Overview and Level Annotations

Branches:
Dungeon (3/15)

Altars:
Ashenzari


Message History

The magic dart hits the killer bee zombie.
The killer bee zombie hits you.
The killer bee zombie completely misses you.
Casting: Magic Dart
Confirm with . or Enter, or press ? or * to list all spells.
Aiming: Magic Dart
Press: ? - help, Shift-Dir - straight line, f/p - killer bee zombie
Aim: a killer bee zombie The magic dart hits the killer bee zombie.
The killer bee zombie barely misses you.
The killer bee zombie hits you.
* * * LOW HITPOINT WARNING * * *
Casting: Magic Dart
Confirm with . or Enter, or press ? or * to list all spells.
Aiming: Magic Dart
Press: ? - help, Shift-Dir - straight line, f/p - killer bee zombie
Aim: a killer bee zombie The magic dart hits the killer bee zombie.
The killer bee zombie hits you.
You die...

###### ##...... #. ##.....
.# ################... .#
.......)......#.#.# .#
###.####.####.#.#.# .# +.+
#.# #.#.# .# #.# #.# .#.#.#
.# '##.#+##.#+##.#+##.#...#
.# .....lZ@..)........#....
.# '##.#+##.#+##.#+##.#....
.# #.#..#.#..#.#.... .#
#.#..'.'..#.###.. .#
#.####.####.###.# .#
.............#...# .#
#################.#..^# .#
#####......................
.#
##.......####...............


You could see a killer bee zombie and a giant newt.

Vanquished Creatures
  The ghost of Nopony the Magician, a weakling DEWz (D:3)
  4 giant geckos
  An orc (D:3)
  6 goblins
  4 hobgoblins
  4 bats
  4 giant newts
  4 kobolds
  3 quokkas
  9 rats
40 creatures vanquished.

Notes
Turn   | Place    | Note
--------------------------------------------------------------
     0 | D:1      | radek the Deep Elf Conjurer began the quest for the Orb.
     0 | D:1      | Reached XP level 1. HP: 10/10 MP: 6/6
   186 | D:1      | Reached XP level 2. HP: 15/15 MP: 4/8
   244 | D:1      | Reached skill level 5 in Conjurations
   386 | D:1      | Found a shattered altar of Ashenzari.
  1267 | D:2      | Reached XP level 3. HP: 19/19 MP: 5/9
  1933 | D:3      | Noticed Nopony's ghost (weakling DEWz)
  1938 | D:3      | Killed Nopony's ghost
  1938 | D:3      | Reached skill level 6 in Conjurations
  2210 | D:3      | Reached XP level 4. HP: 24/24 MP: 8/10
  2385 | D:3      | Slain by a killer bee zombie

Vault maps used:
D:1:      dpeg_arrival_refuge, st_stairs_1, ashenzari_altar_1
D:3:      minmay_door_path, nicolae_dithmenos_through_a_glass_darkly

Action                   |  1- 3 |  4- 6 || total
-------------------------+-------+-------++-------
Melee: Dagger            |     4 |       ||     4
 Cast: Magic Dart        |    61 |    22 ||    83
  Use: Scroll            |     8 |       ||     8
  Eat: Meat ration       |     1 |       ||     1
       Chunk             |     1 |       ||     1
